[Event "ICC tourney 2545 (5 3)"]
[Site "Internet Chess Club"]
[Date "2021.04.11"]
[Round "4"]
[White "Jeffchess"]
[Black "EVMIGR"]
[Result "0-1"]
[ICCResult "White checkmated"]
[WhiteElo "1415"]
[BlackElo "1468"]
[Opening "Evans gambit"]
[ECO "C51"]
[NIC "IG.05"]
[Time "15:20:22"]
[TimeControl "300+3"]

1. e4 e5 2. Nf3 Nc6 3. Bc4 Bc5 4. b4 Bxb4 5. c3 Bc5 6. d4 exd4 7. cxd4 Bb4+
8. Bd2 Bxd2+ 9. Qxd2 Nge7 10. d5 Nb8 11. Qf4 O-O 12. Ne5 d6 13. Nf3 Ng6 14.
Qe3 Re8 15. Nbd2 a6 16. O-O Nd7 17. h3 Nde5 18. Nxe5 Nxe5 19. f4 Nxc4 20.
Nxc4 c6 21. dxc6 bxc6 22. Rad1 d5 23. Qc5 Rxe4 24. Qxc6 Be6 25. Nb6 Rb8 26.
Nxd5 Bxd5 27. Qxa6 h6 28. Qd3 Qb6+ 29. Kh1 Bb7 30. Rb1 Qc6 31. Rfc1 Rc4 32.
Rg1 Rc2 33. Rbc1 Rxc1 34. Qd2 Rxg1+ 35. Kxg1 Qc5+ 36. Kh2 Rc8 37. Qd7 Qc6
38. Qg4 Qxg2+ 39. Qxg2 Bxg2 40. Kxg2 Rc2+ 41. Kf3 Rxa2 42. Kg4 Kf8 43. h4
Ke7 44. h5 g6 45. hxg6 fxg6 46. Kh4 Ra4 47. Kg4 g5 48. Kh5 gxf4 49. Kg4 Kf6
50. Kf3 Kf5 51. Kf2 Ke4 52. Kg2 f3+ 53. Kg1 Ra2 54. Kf1 Ke3 55. Ke1 Ra1#
{White checkmated}
0-1

[Event "ICC tourney 2545 (5 3)"]
[Site "Internet Chess Club"]
[Date "2021.04.11"]
[Round "4"]
[White "krankenstein"]
[Black "harrisongaro"]
[Result "0-1"]
[ICCResult "White resigns"]
[WhiteElo "1238"]
[BlackElo "1551"]
[Opening "Queen's pawn game"]
[ECO "D00"]
[NIC "QP.08"]
[Time "15:19:11"]
[TimeControl "300+3"]

1. d4 d5 2. h3 e6 3. a3 c5 4. e3 c4 5. Nf3 Nc6 6. Nc3 Nf6 7. Be2 Ne4 8. O-O
Nxc3 9. bxc3 Bd6 10. Bd2 Ne7 11. Ne5 Bxe5 12. dxe5 Nf5 13. f4 b6 14. Bf3 Bb7
15. Qe2 Qe7 16. e4 Ng3 17. Qe3 Nxf1 18. Rxf1 Qxa3 19. exd5 Bxd5 20. Bxd5
exd5 21. e6 fxe6 22. Qxe6+ Qe7 23. Qc6+ Kf7 24. Qxd5+ Qe6 25. Qh5+ g6 26.
Qf3 Rad8 27. Re1 Qd5 28. Qxd5+ Rxd5 29. Bc1 Rhd8 30. Kh2 h5 31. Ba3 R8d7 32.
Re5 Kf6 33. Re8 a5 34. Rf8+ Rf7 35. Re8 Rd2 36. Rb8 Kf5 37. Rxb6 Kxf4 38.
Rb5 Rxc2 39. Rxa5 Rxc3 40. Bd6+ Ke4 41. Re5+ Kd4 42. Ra5 Rc2 43. Bc5+ Kd3
44. Ra3+ c3 45. Bb4 Rff2 46. Rxc3+ Rxc3 47. Bxc3 Kxc3 48. Kg3 Rf6 49. h4 Kd4
50. Kh3 Ke4 51. g4 hxg4+ 52. Kxg4 Rf4+ 53. Kg5 Ke5 54. h5 gxh5 55. Kxh5 Kf6
{White resigns}
0-1

[Event "ICC tourney 2545 (5 3)"]
[Site "Internet Chess Club"]
[Date "2021.04.11"]
[Round "4"]
[White "JyothirUaditya"]
[Black "ChucklesChess"]
[Result "1-0"]
[ICCResult "Black checkmated"]
[WhiteElo "1448"]
[BlackElo "1224"]
[Opening "Ruy Lopez: classical (Cordel) defense"]
[ECO "C64"]
[NIC "RL.01"]
[Time "15:20:32"]
[TimeControl "300+3"]

1. e4 e5 2. Nf3 Nc6 3. Bb5 Bc5 4. Bxc6 dxc6 5. O-O Nf6 6. d3 Bg4 7. Bg5 Bxf3
8. Qxf3 O-O 9. Nc3 Be7 10. Na4 h6 11. Bxf6 Bxf6 12. c3 b5 13. Nc5 Be7 14.
Nb3 c5 15. Rfd1 c4 16. dxc4 Qe8 17. cxb5 Qxb5 18. Rd5 Qc6 19. Rxe5 Bf6 20.
Rc5 Qd6 21. Rd1 Qe6 22. Qf5 Qxf5 23. exf5 Be7 24. Rxc7 Bd6 25. Rxd6 Rfe8 26.
f3 Re1+ 27. Kf2 Rb1 28. Rcd7 Rxb2+ 29. Kg3 Rxa2 30. Rd8+ Rxd8 31. Rxd8+ Kh7
32. Rb8 Rc2 33. Rc8 g6 34. fxg6+ fxg6 35. Rc7+ Kg8 36. Rxa7 Rxc3 37. Nd4 Rc4
38. Ne6 Rc6 39. Nd8 Rf6 40. h4 Kf8 41. Kg4 h5+ 42. Kg5 Rd6 43. Kh6 Rxd8 44.
Kxg6 Rd5 45. f4 Ke8 46. f5 Kf8 47. f6 Ke8 48. Kg7 Rf5 49. f7+ Rxf7+ 50. Rxf7
Kd8 51. Kh6 Ke8 52. Ra7 Kd8 53. Kxh5 Kc8 54. g4 Kb8 55. Rf7 Kc8 56. g5 Kd8
57. g6 Ke8 58. Ra7 Kf8 59. g7+ Kg8 60. Ra8+ Kxg7 61. Kg5 Kh7 62. h5 Kg7 63.
Ra7+ Kh8 64. Kg6 Kg8 65. Ra8# {Black checkmated} 1-0

[Event "ICC tourney 2545 (5 3)"]
[Site "Internet Chess Club"]
[Date "2021.04.11"]
[Round "4"]
[White "iamGodskid"]
[Black "Irenaeus"]
[Result "0-1"]
[ICCResult "White resigns"]
[WhiteElo "1415"]
[BlackElo "1746"]
[Opening "Queen's pawn game"]
[ECO "A45"]
[NIC "QP.07"]
[Time "15:20:32"]
[TimeControl "300+3"]

1. d4 Nf6 2. g3 g6 3. Bg2 d5 4. Nf3 Bg7 5. Bg5 Ne4 6. Bd2 O-O 7. Nc3 Bf5 8.
Nxe4 Bxe4 9. Ne5 Bxg2 10. Rg1 Be4 11. Nd3 Bxd3 12. cxd3 Bxd4 13. e3 Bg7 14.
d4 Nd7 15. Rc1 b6 16. f4 c5 17. h4 cxd4 18. exd4 Bxd4 19. Rh1 Bxb2 20. Rb1
Bg7 21. h5 e5 22. f5 Nc5 23. h6 Bh8 24. Qf3 e4 25. Qg4 Nd3+ 26. Kf1 Qf6 27.
Rh5 Ne5 28. Qh3 gxh5 29. Qxh5 Rac8 30. g4 Rc2 31. Bg5 Qc6 32. Re1 Qc4+ 33.
Kg1 Nf3+ 34. Kh1 Rh2+ 35. Qxh2 Nxh2 36. Kxh2 Be5+ 37. Kh3 Qc3+ 38. Re3 Qxe3+
39. Bxe3 d4 40. Bg5 f6 41. Bc1 e3 42. Kg2 Rc8 43. Bxe3 dxe3 44. Kf3 Rc4 45.
a3 Rc3 46. a4 Ra3 47. Ke4 Rxa4+ 48. Kxe3 Rxg4 49. Kf3 Rf4+ 50. Ke3 a5 51.
Kd3 a4 52. Kc2 Rf3 53. Kb1 Rxf5 54. Ka2 Rh5 55. Ka3 b5 56. Kb4 Rxh6 57. Kxb5
a3 58. Kb4 a2 59. Kb3 a1=Q {White resigns} 0-1

[Event "ICC tourney 2545 (5 3)"]
[Site "Internet Chess Club"]
[Date "2021.04.11"]
[Round "4"]
[White "Schlomo"]
[Black "sekere"]
[Result "1-0"]
[ICCResult "Black resigns"]
[WhiteElo "1985"]
[BlackElo "1528"]
[Opening "Old Benoni defense"]
[ECO "A43"]
[NIC "OI.09"]
[Time "15:20:21"]
[TimeControl "300+3"]

1. d4 c5 2. d5 b5 3. a4 b4 4. e4 d6 5. Bb5+ Bd7 6. Bxd7+ Nxd7 7. b3 Ngf6 8.
Nd2 g6 9. Bb2 Bg7 10. Nc4 O-O 11. Qd3 Nb6 12. Nxb6 axb6 13. Nf3 Re8 14. O-O
e6 15. Rad1 exd5 16. exd5 Qd7 17. Bxf6 Bxf6 18. Nd2 Bd4 19. Nc4 Rab8 20. Qf3
Kg7 21. Rde1 b5 22. axb5 Rxe1 23. Rxe1 Rxb5 24. g3 Rb8 25. Kg2 Ra8 26. Qf4
Ra6 27. Re4 Bf6 28. h4 h6 29. Qf3 Ra2 30. Re2 g5 31. hxg5 hxg5 32. Ne3 Kg6
33. Qe4+ Kg7 34. Nf5+ Kf8 35. Re1 Ra8 36. g4 Be5 37. Rh1 Kg8 38. Qe3 Qb7 39.
Qd3 Ra1 40. Rxa1 Bxa1 41. Nxd6 Qc7 42. Nf5 Qf4 43. Qf3 Qe5 44. Nh6+
{Black resigns}
1-0

[Event "ICC tourney 2545 (5 3)"]
[Site "Internet Chess Club"]
[Date "2021.04.11"]
[Round "4"]
[White "Chaos23"]
[Black "sorrym8"]
[Result "0-1"]
[ICCResult "White resigns"]
[WhiteElo "1878"]
[BlackElo "1826"]
[Opening "King's Indian: fianchetto, classical variation, 8.e4"]
[ECO "E68"]
[NIC "KI.63"]
[Time "15:19:08"]
[TimeControl "300+3"]

1. d4 Nf6 2. c4 g6 3. Nf3 Bg7 4. g3 d6 5. Bg2 O-O 6. O-O Nbd7 7. Nc3 e5 8.
e4 c6 9. Qc2 Qb6 10. Rd1 exd4 11. Nxd4 Ng4 12. Na4 Qc7 13. h3 Ngf6 14. Nc3
a5 15. b3 Nc5 16. Rb1 Re8 17. Bf4 Nfd7 18. a3 Ne5 19. Be3 a4 20. b4 Nxc4 21.
bxc5 Nxa3 22. Qc1 Nxb1 23. cxd6 Qxd6 24. Nxb1 Qe7 25. Na3 Be6 26. f4 Rad8
27. Bf2 Bb3 28. Rd3 c5 29. Nxb3 Rxd3 30. Nxc5 Rxa3 31. Qxa3 b6 32. e5 bxc5
33. Bxc5 Qd7 34. Kh2 Bf8 35. Bxf8 Rxf8 36. h4 Rb8 37. Bd5 Qxd5 {White
resigns} 0-1

[Event "ICC tourney 2545 (5 3)"]
[Site "Internet Chess Club"]
[Date "2021.04.11"]
[Round "4"]
[White "e4f5"]
[Black "PhaseShift"]
[Result "1-0"]
[ICCResult "Black checkmated"]
[WhiteElo "1895"]
[BlackElo "1651"]
[Opening "Sicilian: accelerated fianchetto, modern variation"]
[ECO "B34"]
[NIC "SI.33"]
[Time "15:19:43"]
[TimeControl "300+3"]

1. e4 c5 2. Nf3 g6 3. d4 cxd4 4. Nxd4 Nc6 5. Nc3 Bg7 6. Nb3 Nf6 7. Be2 O-O
8. O-O d6 9. Bg5 Be6 10. Kh1 Na5 11. f4 Bc4 12. Nd2 Bxe2 13. Qxe2 Rc8 14.
Rae1 a6 15. Nf3 Nc6 16. Nd5 e6 17. Nxf6+ Bxf6 18. Bh6 Bg7 19. Bxg7 Kxg7 20.
c3 Qc7 21. Rd1 Rfd8 22. f5 exf5 23. exf5 Ne5 24. f6+ Kg8 25. Qd2 Ng4 26. Qg5
Qc4 27. h3 Nxf6 28. Qxf6 Qxa2 29. Ng5 Rd7 30. Rxd6 Rxd6 31. Qxd6 Qxb2 32.
Nxf7 Qe2 33. Nh6+ Kg7 34. Rf7+ Kxh6 35. Qf4+ g5 36. Qf6+ Kh5 37. Rxh7#
{Black checkmated}
1-0

[Event "ICC tourney 2545 (5 3)"]
[Site "Internet Chess Club"]
[Date "2021.04.11"]
[Round "4"]
[White "minerva75"]
[Black "fishbein"]
[Result "0-1"]
[ICCResult "White resigns"]
[WhiteElo "1724"]
[BlackElo "2486"]
[Opening "Sicilian: Richter-Rauzer, Rauzer attack, 7...Be7"]
[ECO "B63"]
[NIC "SI.27"]
[Time "15:20:05"]
[TimeControl "300+3"]

1. e4 c5 2. Nf3 d6 3. d4 cxd4 4. Nxd4 Nf6 5. Nc3 Nc6 6. Bg5 e6 7. Qd2 Be7 8.
Nb3 O-O 9. f3 d5 10. exd5 Nxd5 11. Bxe7 Qxe7 12. O-O-O Rd8 13. Nxd5 Rxd5 14.
Bd3 Nb4 15. Qe3 Nxd3+ 16. Rxd3 Rxd3 17. Qxd3 b6 18. Rd1 Bb7 19. Qd7 Qg5+ 20.
Kb1 Bd5 21. Nd4 h5 22. Nc6 Bxc6 23. Qxc6 Rf8 24. g3 h4 25. Qc7 Qe3 26. a3
Qxf3 27. Rd8 Rxd8 28. Qxd8+ Kh7 29. Qxh4+ Kg6 30. b3 e5 31. Qe7 e4 32. Qxa7
e3 33. Qxb6+ f6 34. Qe6 e2 35. Qe8+ Kh7 36. Kb2 f5 37. a4 Qe4 38. Qh5+ Kg8
39. a5 e1=Q {White resigns} 0-1

[Event "ICC tourney 2545 (5 3)"]
[Site "Internet Chess Club"]
[Date "2021.04.11"]
[Round "4"]
[White "architect22"]
[Black "Fraxxinus"]
[Result "1-0"]
[ICCResult "Black checkmated"]
[WhiteElo "1379"]
[BlackElo "1539"]
[Opening "King's Indian: 4.e4"]
[ECO "E70"]
[NIC "KI.31"]
[Time "15:19:14"]
[TimeControl "300+3"]

1. d4 Nf6 2. c4 g6 3. Nc3 Bg7 4. e4 d6 5. Bd3 O-O 6. Bg5 c5 7. e5 dxe5 8.
dxe5 Ng4 9. Nf3 Nxe5 10. Nxe5 Bxe5 11. O-O Nc6 12. Re1 Bg7 13. Nd5 Re8 14.
Qd2 Be6 15. Be4 Bxd5 16. cxd5 Nd4 17. Rab1 Qd6 18. Re3 h6 19. Bh4 Be5 20.
Rh3 Bf4 21. Qd3 Kg7 22. Bg3 Bxg3 23. fxg3 Rad8 24. Rc1 b6 25. Qe3 Qe5 26.
Qxh6+ Kf6 27. Rf1+ Nf5 28. Rxf5+ Qxf5 29. Bxf5 Rh8 30. Qf4 gxf5 31. Rxh8
Rxh8 32. Qd2 Rd8 33. Kf2 e6 34. d6 e5 35. Qd5 e4 36. Ke3 Rd7 37. Qc6 Ke6 38.
h4 Rxd6 39. Qc8+ Kf6 40. Qh8+ Kg6 41. h5+ Kg5 42. Qg7+ Kxh5 43. Kf4 Rg6 44.
Qh7+ Rh6 45. Qxf5# {Black checkmated} 1-0

[Event "ICC tourney 2545 (5 3)"]
[Site "Internet Chess Club"]
[Date "2021.04.11"]
[Round "4"]
[White "alekhsay"]
[Black "maximind"]
[Result "0-1"]
[ICCResult "White checkmated"]
[WhiteElo "846"]
[BlackElo "1369"]
[Opening "Caro-Kann defense"]
[ECO "B12"]
[NIC "CK.01"]
[Time "15:19:01"]
[TimeControl "300+3"]

1. e4 c6 2. d4 d6 3. Bc4 d5 4. Bb3 dxe4 5. Nc3 Nf6 6. Bg5 Nbd7 7. Qe2 Qa5 8.
Bxf6 Nxf6 9. O-O-O Bf5 10. f3 exf3 11. Nxf3 e6 12. d5 cxd5 13. Nxd5 Rc8 14.
Nxf6+ gxf6 15. Nd4 Bh6+ 16. Kb1 Ke7 17. g4 Bg6 18. h4 Qe5 19. Rhe1 Rhd8 20.
Nxe6 fxe6 21. Bxe6 Qxe2 22. Bxc8 Rxd1+ 23. Rxd1 Qxd1# {White checkmated} 0-1

[Event "ICC tourney 2545 (5 3)"]
[Site "Internet Chess Club"]
[Date "2021.04.11"]
[Round "4"]
[White "FootstepsOfDawn"]
[Black "twarzap1"]
[Result "1-0"]
[ICCResult "Black forfeits on time"]
[WhiteElo "983"]
[BlackElo "911"]
[Opening "Queen's pawn"]
[ECO "A40"]
[NIC "QO.17"]
[Time "15:19:15"]
[TimeControl "300+3"]

1. d4 e6 2. Bf4 Bb4+ 3. c3 Be7 4. Nf3 Nf6 5. Nbd2 Nc6 6. e3 d5 7. Ne5 Bd7 8.
Bd3 b5 9. Nxf7 Kxf7 10. g4 Rb8 11. g5 Ng4 12. Qxg4 Rb6 13. h4 Na5 14. h5 Rc6
15. Nf3 Rc4 16. Ne5+ Ke8 17. Bxc4 Nxc4 18. Nxc4 Rf8 19. Ne5 Rf5 20. O-O-O
Bd6 21. g6 Ke7 22. Bg5+ {Black forfeits on time} 1-0

[Event "ICC tourney 2545 (5 3)"]
[Site "Internet Chess Club"]
[Date "2021.04.11"]
[Round "4"]
[White "Fraser"]
[Black "ominousc"]
[Result "1-0"]
[ICCResult "Black checkmated"]
[WhiteElo "1219"]
[BlackElo "1328"]
[Opening "Queen's pawn game"]
[ECO "D04"]
[NIC "QP.06"]
[Time "15:19:17"]
[TimeControl "300+3"]

1. Nf3 Nf6 2. d4 d5 3. e3 Nc6 4. c4 dxc4 5. Bxc4 e5 6. d5 Na5 7. b3 Nxc4 8.
bxc4 Bd6 9. e4 O-O 10. O-O Nxe4 11. Be3 c6 12. dxc6 bxc6 13. Qc2 Nc5 14. Nc3
Bb7 15. Rfd1 Qe7 16. Rab1 Rab8 17. Ne4 Nxe4 18. Qxe4 c5 19. Qg4 e4 20. Ne1
Qe5 21. g3 Bc8 22. Qe2 Rxb1 23. Rxb1 Qe6 24. Ng2 Ba6 25. Rc1 Rb8 26. Bf4 Rb1
27. Rxb1 Bxc4 28. Qd2 Bd3 29. Bxd6 Qxd6 30. Rd1 c4 31. Ne3 f5 32. Nxf5 Qg6
33. Ne7+ Kf7 34. Nxg6 hxg6 35. Qc3 Ke6 36. Qd4 g5 37. Qxg7 Kd5 38. Qxg5+ Kd4
39. Qe3+ Kc3 40. Qxa7 Kc2 41. Qa4+ Kc3 42. Re1 Kd2 43. Ra1 c3 44. Qd1#
{Black checkmated}
1-0

[Event "ICC tourney 2545 (5 3)"]
[Site "Internet Chess Club"]
[Date "2021.04.11"]
[Round "4"]
[White "ChalsparoV"]
[Black "daverenham"]
[Result "1-0"]
[ICCResult "Black resigns"]
[WhiteElo "1815"]
[BlackElo "1488"]
[Opening "Queen's pawn: Lundin (Kevitz-Mikenas) defense"]
[ECO "A40"]
[NIC "QO.17"]
[Time "15:20:26"]
[TimeControl "300+3"]

1. d4 Nc6 2. Nf3 g6 3. c3 Bg7 4. e4 d6 5. Bf4 Nf6 6. Bd3 Bg4 7. Nbd2 e5 8.
Be3 O-O 9. h3 exd4 10. cxd4 Bxf3 11. Nxf3 Re8 12. Nd2 Nd7 13. Nf3 Nf6 14.
Nd2 Nd7 15. Nb3 Nf6 16. f3 Nh5 17. O-O Kh8 18. Qd2 Ng3 19. Rfe1 f5 20. exf5
Nxf5 21. Bxf5 gxf5 22. Bg5 Bf6 23. Rxe8+ Qxe8 24. Bxf6+ Kg8 25. Qg5+
{Black resigns}
1-0

[Event "ICC tourney 2545 (5 3)"]
[Site "Internet Chess Club"]
[Date "2021.04.11"]
[Round "4"]
[White "BK10"]
[Black "Giallorossi"]
[Result "1-0"]
[ICCResult "Black resigns"]
[WhiteElo "1571"]
[BlackElo "1368"]
[Opening "Sicilian: closed, 2...Nc6"]
[ECO "B23"]
[NIC "SI.44"]
[Time "15:19:26"]
[TimeControl "300+3"]

1. e4 c5 2. Nc3 Nc6 3. Bb5 Nd4 4. Bc4 e6 5. Nge2 Ne7 6. Nxd4 cxd4 7. Ne2 Nc6
8. a3 a6 9. O-O b5 10. Ba2 Be7 11. d3 O-O 12. f4 d5 13. e5 f6 14. exf6 Rxf6
15. Qe1 Rg6 16. Kh1 Bd7 17. Bd2 Kh8 18. Qf2 Qf8 19. Nxd4 Qf6 20. Nxc6 Bxc6
21. Bc3 Qf5 22. Be5 d4 23. Rg1 Qh5 24. f5 Bh4 25. Qxd4 Qf3 26. fxg6 Bf2 27.
Bxg7+ Kg8 28. Bxe6+ {Black resigns} 1-0

[Event "ICC tourney 2545 (5 3)"]
[Site "Internet Chess Club"]
[Date "2021.04.11"]
[Round "4"]
[White "skschess"]
[Black "Izaan-A"]
[Result "1-0"]
[ICCResult "Black checkmated"]
[WhiteElo "1319"]
[BlackElo "993"]
[Opening "Vienna gambit"]
[ECO "C29"]
[NIC "VG.04"]
[Time "15:19:04"]
[TimeControl "300+3"]

1. e4 e5 2. Nc3 Nf6 3. f4 d6 4. fxe5 dxe5 5. Nf3 Bg4 6. h3 Bxf3 7. Qxf3 Bc5
8. Bc4 Nc6 9. Ne2 Nb4 10. Bb3 Qd6 11. a3 Nc6 12. d3 O-O 13. Be3 Kh8 14.
O-O-O Bxa3 15. Nc3 Bb4 16. Ne2 Na5 17. Ba2 c5 18. Ng3 g6 19. h4 b5 20. Rhf1
Nc6 21. Qxf6+ Qxf6 22. Rxf6 Ne7 23. c3 Ba3 24. bxa3 b4 25. axb4 cxb4 26. Bc5
bxc3 27. Bxe7 Rac8 28. Bxf8 Rxf8 29. Ne2 Rc8 30. Kc2 Kg7 31. Ra6 Rf8 32.
Rxa7 h6 33. Nxc3 g5 34. hxg5 hxg5 35. Rf1 Kg6 36. Rfxf7 Rxf7 37. Rxf7 Kh5
38. Rf5 Kh4 39. Rxe5 g4 40. Ne2 g3 41. Nxg3 Kxg3 42. d4 Kf4 43. Re6 Kg5 44.
d5 Kf4 45. d6 Kg3 46. d7 Kf4 47. d8=Q Kg3 48. Qg8+ Kf2 49. Qf7+ Kg1 50. Rd6
Kxg2 51. Rg6+ Kh2 52. Qh7# {Black checkmated} 1-0

[Event "ICC tourney 2545 (5 3)"]
[Site "Internet Chess Club"]
[Date "2021.04.11"]
[Round "4"]
[White "Neukoelln"]
[Black "TYH"]
[Result "0-1"]
[ICCResult "White resigns"]
[WhiteElo "1577"]
[BlackElo "1680"]
[Opening "Scandinavian (center counter) defense"]
[ECO "B01"]
[NIC "SD.01"]
[Time "15:19:21"]
[TimeControl "300+3"]

1. e4 d5 2. exd5 Qxd5 3. Nc3 Qa5 4. d4 Nf6 5. Nf3 Nc6 6. Bd2 a6 7. a4 Qh5 8.
Be2 Bg4 9. d5 Nxd5 10. Ne4 Qg6 11. Nc5 O-O-O 12. Bd3 Qh5 13. Qe2 Nd4 14. Qe4
Nxf3+ 15. gxf3 Bxf3 16. Be2 Bxe4 17. Bxh5 Bxh1 18. O-O-O g6 19. Be2 e6 20.
Nd3 Be4 21. Ne5 Bg7 22. Nxf7 Rhf8 23. Nxd8 Rxd8 24. Bg5 Bf6 25. Bd2 Ne7 26.
Re1 Bf5 27. Bc4 e5 28. f4 e4 29. Be3 Nc6 30. c3 Ne7 31. Rh1 Nd5 32. Bxd5
Rxd5 33. h4 Rd3 34. Bc5 e3 35. Re1 Bxh4 36. Re2 Bf2 37. Bd4 Bg4 38. Rxf2
exf2 39. Bxf2 Rf3 40. Bh4 Rxf4 41. Bg5 Rf2 42. b4 h5 {White resigns} 0-1

[Event "ICC tourney 2545 (5 3)"]
[Site "Internet Chess Club"]
[Date "2021.04.11"]
[Round "4"]
[White "arconia"]
[Black "luckylol3"]
[Result "0-1"]
[ICCResult "White forfeits on time"]
[WhiteElo "986"]
[BlackElo "1440"]
[Opening "Inverted Hungarian"]
[ECO "C44"]
[NIC "KP.10"]
[Time "15:20:32"]
[TimeControl "300+3"]

1. e4 e5 2. Nf3 Nc6 3. Be2 Nf6 4. d3 Bc5 5. O-O O-O 6. Nc3 h6 7. a3 d6 8. b4
Bb6 9. Na4 Be6 10. Bb2 Qd7 11. c4 a6 12. Nxb6 cxb6 13. Nh4 Rfe8 14. f4 Rad8
15. f5 Bxc4 16. dxc4 Nxe4 17. Bd3 Nf6 18. Qf3 e4 19. Bxe4 Nxe4 20. Qg4 Ng5
21. Qh5 Ne5 {White forfeits on time} 0-1

[Event "ICC tourney 2545 (5 3)"]
[Site "Internet Chess Club"]
[Date "2021.04.11"]
[Round "4"]
[White "jab"]
[Black "JJrook"]
[Result "0-1"]
[ICCResult "White checkmated"]
[WhiteElo "1404"]
[BlackElo "1418"]
[Opening "Sicilian defense"]
[ECO "B30"]
[NIC "SI.31"]
[Time "15:20:09"]
[TimeControl "300+3"]

1. e4 c5 2. Nf3 Nc6 3. c3 Qa5 4. Be2 b5 5. O-O c4 6. d3 cxd3 7. Bxd3 a6 8.
Bd2 Qc7 9. c4 b4 10. a3 e6 11. axb4 Nxb4 12. Bxb4 Bxb4 13. Nc3 Ne7 14. Qe2
Bxc3 15. bxc3 d6 16. Nd4 Bb7 17. f4 Qc5 18. Rab1 Qa7 19. Kh1 O-O 20. f5 e5
21. Nf3 f6 22. Rb2 Rfb8 23. Rfb1 Bc6 24. h3 a5 25. Nd2 a4 26. Rxb8+ Rxb8 27.
Rxb8+ Qxb8 28. Nf3 Qb3 29. Qc2 g6 30. Nd2 Qxc2 31. Bxc2 Kf7 32. fxg6+ hxg6
33. Kg1 f5 34. exf5 gxf5 35. Kf1 Ke6 36. Nb1 d5 37. cxd5+ Nxd5 38. Ke2 Nf4+
39. Kd2 Nxg2 40. c4 e4 41. Nc3 Ke5 42. Nxa4 f4 43. Nc3 e3+ 44. Ke2 f3+ 45.
Kf1 Nf4 46. h4 e2+ 47. Ke1 Ng2+ 48. Kf2 e1=Q# {White checkmated} 0-1

[Event "ICC tourney 2545 (5 3)"]
[Site "Internet Chess Club"]
[Date "2021.04.11"]
[Round "4"]
[White "gmRohde"]
[Black "Fimachess2021"]
[Result "1-0"]
[ICCResult "Black resigns"]
[WhiteElo "1877"]
[BlackElo "1457"]
[Opening "Ruy Lopez: old Steinitz defense"]
[ECO "C62"]
[NIC "RL.02"]
[Time "15:19:12"]
[TimeControl "300+3"]

1. e4 e5 2. Nf3 Nc6 3. Bb5 d6 4. d4 exd4 5. Nxd4 Bd7 6. Bxc6 Bxc6 7. Nc3 Nf6
8. O-O Be7 9. Nf5 O-O 10. Bg5 Re8 11. Qf3 Kh8 12. Rae1 Ng8 13. Nxe7 Nxe7 14.
Qxf7 h6 15. Bh4 Qd7 16. f4 Ng8 17. Qh5 Rf8 18. f5 Qf7 19. Qg4 Rae8 20. Re3
Nf6 21. Bxf6 Qxf6 22. Rg3 Rf7 23. Qh5 Ree7 24. Rg6 Qd4+ 25. Kh1 Bxe4 26.
Nxe4 Qxe4 27. f6 Qe1 28. Qf5 Rxf6 29. Rxf6 gxf6 30. Qxf6+ Kh7 31. h3 Qe5 32.
Qxe5 dxe5 33. Kg1 Kg6 34. Kf2 a6 35. Ke3 Kg5 36. g3 c5 37. Ke4 b6 38. Rf5+
Kg6 39. Rxe5 Rb7 40. Re6+ Kg7 41. Kd5 Rd7+ 42. Rd6 Rf7 43. Rxb6 Rf2 44. c4
Rf3 45. Kxc5 Rxg3 46. Rxa6 Rxh3 47. b4 Rh1 48. b5 {Black resigns} 1-0

[Event "ICC tourney 2545 (5 3)"]
[Site "Internet Chess Club"]
[Date "2021.04.11"]
[Round "4"]
[White "aga"]
[Black "RealFuno09"]
[Result "0-1"]
[ICCResult "White resigns"]
[WhiteElo "2018"]
[BlackElo "1974"]
[Opening "Alekhine's defense"]
[ECO "B03"]
[NIC "AL.09"]
[Time "15:20:32"]
[TimeControl "300+3"]

1. e4 Nf6 2. e5 Nd5 3. d4 Nb6 4. Nf3 d5 5. Bd3 Bg4 6. c3 e6 7. h3 Bh5 8. O-O
c5 9. Be3 Nc6 10. Nbd2 Be7 11. Rc1 Rc8 12. Re1 cxd4 13. cxd4 O-O 14. a3 Na5
15. Rxc8 Qxc8 16. Qb1 Bg6 17. Bxg6 hxg6 18. Rc1 Qd7 19. Qd3 Rc8 20. Rc3 Nac4
21. Nxc4 dxc4 22. Qc2 Qb5 23. b4 Nd5 24. Nd2 Nxc3 25. Qxc3 Qd5 26. f3 b6 27.
Ne4 a5 28. bxa5 Qxa5 29. Qxa5 bxa5 30. Bd2 a4 31. Nc3 Ra8 32. Bc1 Rb8 33.
Kf2 Rb3 34. Nxa4 Bxa3 35. Bd2 Bb4 36. Bf4 c3 37. Ke2 c2 38. Bd2 Rb1 39. Kd3
c1=Q 40. Bxc1 Rxc1 41. d5 exd5 42. Nb6 Rd1+ 43. Ke2 Rd2+ {White resigns} 0-1

[Event "ICC tourney 2545 (5 3)"]
[Site "Internet Chess Club"]
[Date "2021.04.11"]
[Round "4"]
[White "Moncu"]
[Black "CCAadminDave"]
[Result "0-1"]
[ICCResult "White resigns"]
[WhiteElo "2348"]
[BlackElo "1588"]
[Opening "Ruy Lopez: open, Malkin variation"]
[ECO "C80"]
[NIC "RL.27"]
[Time "15:20:12"]
[TimeControl "300+3"]

1. e4 e5 2. Nf3 Nc6 3. Bb5 a6 4. Ba4 Nf6 5. O-O Nxe4 6. d4 b5 7. Bb3 d5 8.
dxe5 Be6 9. Nbd2 Be7 10. c3 O-O 11. Qe2 Nc5 12. Bc2 d4 13. cxd4 Nxd4 14.
Nxd4 Qxd4 15. Nf3 Qg4 16. Be3 Bc4 17. Qe1 Rad8 18. h3 Qh5 19. Kh2 Bxf1 20.
Qxf1 f5 21. exf6 Rxf6 22. Ng5 h6 23. Ne4 Nxe4 24. Bxe4 Bd6+ 25. g3 Rdf8 26.
Qg2 Qe2 27. Rf1 Qxb2 28. Bd5+ Kh8 29. Kg1 c5 30. g4 c4 31. g5 Rg6 32. Be4
Re6 33. Qg4 Qe5 34. Rd1 Qxe4 35. Qxe4 Rxe4 36. Rxd6 hxg5 37. Rxa6 c3 38. Rc6
Rc4 39. Rb6 c2 40. Bc1 Rd8 41. Kg2 Rd1 42. Bxg5 c1=Q 43. Bxc1 Rcxc1 44. Rxb5
Rc2 45. a4 Rdd2 46. Rf5 Ra2 47. a5 g6 48. Rf6 Kg7 49. Rf4 Rxa5 50. h4 Raa2
51. Kg3 Kh6 52. Rf8 Kg7 53. Rf4 Rab2 54. Rf3 Rd6 55. Rf4 Rf6 {White resigns}
0-1

[Event "ICC tourney 2545 (5 3)"]
[Site "Internet Chess Club"]
[Date "2021.04.11"]
[Round "4"]
[White "Chanakya"]
[Black "Bob73"]
[Result "1-0"]
[ICCResult "Black resigns"]
[WhiteElo "1636"]
[BlackElo "1635"]
[Opening "Sicilian: Grand Prix attack"]
[ECO "B23"]
[NIC "SI.44"]
[Time "15:20:05"]
[TimeControl "300+3"]

1. e4 c5 2. Nc3 Nc6 3. f4 g6 4. Nf3 Bg7 5. g3 d6 6. d3 Nf6 7. Bg2 O-O 8. O-O
e5 9. f5 d5 10. Nxd5 Nxd5 11. exd5 Qxd5 12. Nh4 Qd6 13. Be4 Bf6 14. Bh6 Re8
15. fxg6 hxg6 16. Nxg6 fxg6 17. Bxg6 Bh3 18. Bxe8 Qd4+ 19. Rf2 Bg4 20. Qf1
Rxe8 21. c3 Qd7 22. Rxf6 e4 23. dxe4 Ne5 24. Qf4 Bh3 25. Qg5+ Kh7 26. Raf1
Rg8 27. Qxe5 {Black resigns} 1-0

[Event "ICC tourney 2545 (5 3)"]
[Site "Internet Chess Club"]
[Date "2021.04.11"]
[Round "4"]
[White "GunSlinger"]
[Black "pumukel"]
[Result "0-1"]
[ICCResult "White forfeits on time"]
[WhiteElo "1634"]
[BlackElo "1655"]
[Opening "Alekhine's defense: Scandinavian variation"]
[ECO "B02"]
[NIC "AL.10"]
[Time "15:19:51"]
[TimeControl "300+3"]

1. e4 Nf6 2. Nc3 d5 3. e5 d4 4. exf6 dxc3 5. bxc3 exf6 6. Nf3 Bd6 7. d4 O-O
8. Be2 Re8 9. O-O Bg4 10. Re1 Nd7 11. c4 c5 12. c3 Nf8 13. Qb3 b6 14. h3 Bh5
15. Be3 Rc8 16. d5 f5 17. Kf1 f4 18. Bd2 Nd7 19. Nh2 Bg6 20. Bg4 f5 21. Bd1
Nf6 22. f3 Nh5 23. Kf2 Qh4+ 24. Kf1 Ng3+ 25. Kg1 Rxe1+ 26. Bxe1 Re8 27. Bf2
Qf6 28. Qc2 Bf7 29. Nf1 g5 30. a4 a5 31. Rb1 Bc7 32. Qd2 Be5 33. Be1 h5 34.
Nxg3 fxg3 35. Bc2 Bg6 36. Qd3 Bf4 37. Bd2 Bxd2 38. Qxd2 f4 39. Bxg6 Qxg6 40.
Re1 Rxe1+ 41. Qxe1 Kf7 42. Kf1 Qf5 43. Qd2 Qe5 44. Qd3 Ke7 45. Qh7+ Kd6 46.
Qg6+ Ke7 47. Qh7+ Kd8 {White forfeits on time} 0-1